 Dungeon Crawl Stone Soup version 0.26-a0-771-g060e6a62af (console) character file.

Game seed: 1337360524366981732

12236 jejorda2 the Basher (level 11, -4/89 HPs)
             Began as a Ghoul Fighter on Nov 8, 2020.
             Was an Elder of Ashenzari.
             Killed from afar by a fire dragon (28 damage)
             ... with a blast of flame
             ... in a volcano.
             The game lasted 00:41:23 (13333 turns).

jejorda2 the Basher (Ghoul Fighter)                Turns: 13333, Time: 00:41:23

Health: -4/89      AC: 24    Str: 23    XL:     11   Next: 90%
Magic:  10/10      EV:  6    Int:  4    God:    Ashenzari [****..]
Gold:   675        SH: 18    Dex:  8    Spells: 10/10 levels left

rFire    . . .     SeeInvis +   C - +2 flail (protect) (curse)
rCold    + + .     Faith    .   c - +0 kite shield (curse)
rNeg     + + +     Spirit   .   v - +0 plate armour
rPois    ∞         Reflect  +   q - +0 helmet
rElec    .         Harm     .   (no cloak)
rCorr    .         Rampage  .   o - +1 pair of gloves (curse)
MR       +....     Clarity  +   g - +0 pair of boots
Stlth    ..........             l - amulet of reflection
HPRegen  0.00/turn              D - ring of protection from cold
MPRegen  0.12/turn              L - ring of protection from magic

@: mighty, protection aura
A: rotting body, claws 1, cold resistance 1, negative energy resistance 3,
inhibited regeneration, torment resistance, unbreathing
a: Curse Item, Scrying, Renounce Religion


You were in a volcano.
You worshipped Ashenzari.
Ashenzari was greatly pleased with you.
You visited 4 branches of the dungeon, and saw 14 of its levels.
You also visited: Ossuary and Volcano.

You collected 953 gold pieces.
You spent 278 gold pieces at shops.

Inventory:

Hand Weapons
 s - a +2 morningstar of holy wrath {!d}
 C - a cursed +2 flail of protection (weapon)
 F - a +0 morningstar
Missiles
 h - 386 stones
 x - 86 poisoned darts (quivered)
Armour
 c - a cursed +0 kite shield (worn)
 g - a +0 pair of boots (worn)
 o - a cursed +1 pair of gloves (worn)
 q - a +0 helmet (worn)
 v - a +0 plate armour (worn)
 E - a cursed +0 plate armour
Jewellery
 l - an amulet of reflection (around neck)
 n - an uncursed ring of ice
 D - a ring of protection from cold (left hand)
 H - a +4 ring of evasion
 L - a ring of protection from magic (right hand)
 N - an uncursed amulet of faith
Wands
 w - a wand of enslavement (12)
 A - a wand of flame (22)
 B - a wand of acid (23)
Scrolls
 a - a scroll of fear
 i - 11 scrolls of teleportation
 m - a scroll of amnesia
 p - 6 scrolls of remove curse
 y - 2 scrolls of blinking
 z - a scroll of enchant weapon
 I - a scroll of enchant armour
 M - 4 scrolls of identify
Potions
 d - a potion of might
 e - 6 potions of curing
 f - 5 potions of magic
 j - 3 potions of brilliance
 r - 3 potions of flight
 t - a potion of invisibility
 u - 2 potions of attraction
 G - 5 potions of haste
 J - a potion of cancellation
 K - a potion of ambrosia


   Skills:
 - Level 6.0 Fighting
 * Level 11.2(14.4) Maces & Flails
 + Level 6.8 Armour
 * Level 10.5(12.6) Shields
 - Level 3.0 Evocations


You had 10 spell levels left.
You didn't know any spells.
Your spell library contained the following spells:

 Spells                   Type           Power        Failure   Level
 Animate Skeleton         Necr           #.....       100%        1
 Apportation              Tloc           #.....       100%        1
 Corona                   Hex            #......      100%        1
 Summon Small Mammal      Summ           #...         100%        1


Dungeon Overview and Level Annotations

Branches:
Dungeon (11/15)            Temple (1/1) D:5            Lair (1/6) D:11
    Orc (1/2) D:9         Ossuary (visited)         Volcano (1/1)

Altars:
Ashenzari
Dithmenos
Elyvilon
Fedhas
Kikubaaqudgha
Makhleb
Nemelex Xobeh
Okawaru
Qazlal
Ru
Sif Muna
Trog
Uskayaw
Vehumet
Wu Jian
Yredelemnul
The Shining One

Shops:
D:8 [   D:9 [

Annotations:
D:4 3 runed translucent doors, exclusion: 3 doors, Giavanni's ghost, amateur DsBe
D:5 3 runed translucent doors, exclusion: 3 doors, Iam's ghost, novice HOFi
D:8 3 runed translucent doors, Sweeb's ghost, novice TeGl


Innate Abilities, Weirdness & Mutations

Your body is rotting away.
You thrive by killing the living.
You are immune to poison.
You have sharp fingernails.
Your flesh is cold resistant. (rC+)
You are immune to negative energy. (rN+++)
You do not regenerate when monsters are visible.
You are immune to unholy pain and torment.
You can survive without breathing.


Message History

The air gets thick with the scent of sulphur.
The fire dragon bites you. The fire dragon completely misses you.
The fire dragon tramples you but does no damage.
You completely miss the fire dragon.
The fire dragon is moderately wounded.
You block the fire dragon's attack. The fire dragon claws you.
The fire dragon tramples you but does no damage.
Your plate armour prevents you from hitting the fire dragon.
The fire dragon is moderately wounded.
You thump the fire dragon!
The fire dragon is moderately wounded.
The fire dragon bites you.
* * * LOW HITPOINT WARNING * * *
The fire dragon completely misses you. The fire dragon barely misses you.
You thump the fire dragon!
The fire dragon is heavily wounded.
The volcano roars to life, belching forth lava!
The fire dragon breathes flames at you. The blast of flame hits you!!
You die...

≈≈≈≈≈§≈≈§≈≈≈§§≈≈≈≈§≈§≈§≈≈≈≈§≈§≈§≈
≈≈≈≈≈§≈≈≈≈≈≈§≈≈§§≈≈§≈≈§§§§≈§§≈§§§
§§≈≈≈≈≈§≈≈≈≈≈§≈≈≈≈≈≈≈≈§§≈§≈≈≈§§§≈
§≈§≈≈≈≈≈§§≈§≈≈≈≈≈≈§§≈≈§≈≈§≈§§≈§§≈
§≈≈ ≈ ≈≈ ≈≈≈≈≈ ≈§≈≈≈≈§≈ ≈≈≈ ≈ ≈ ≈
≈ ≈≈≈≈≈§≈ ≈≈≈≈≈, , , , ,, ,, , ≈
≈ §≈≈§ ≈ , ############ ≈ ≈≈≈§≈§
≈ ≈≈ ,,,+.....@D...# ≈ ≈ ≈ ≈ ,
{,#.8_8.#..∩.#, § ≈ *, ,
#.÷÷[.#....# ≈≈ ≈ ≈≈§ ≈§≈§.#
###'###++###, ≈ ≈ ≈ ≈≈ §§§§.#,
,#.# * ≈≈ §≈§ ≈§≈≈.# * ,#.#, ** ≈
≈≈≈ ≈≈§≈.#,∆∆∆ #.# ∆∆ ,*, ≈ ≈≈
§≈§ ≈≈≈≈.# ∆∆∆* #.#,*∆,, ≈≈≈≈≈§
§§§≈.# {∆∆ #.# ∆,,,* ≈≈ ≈≈§


You could see a fire dragon (catching breath).

Vanquished Creatures
  Erica (D:9)
  A two-headed ogre (D:8)
  2 unseen horrors
  A lindwurm (Volcano)
  A black mamba (Lair:1)
  Psyche (D:8)
  Maggie (D:7)
  A centaur skeleton (D:11)
  A hornet (D:9)
  Sigmund (D:3)
  A fire bat (Volcano)
  A human (D:9)
  Grum (D:9)
  3 steam dragons
  A hell hound (Volcano)
  A water moccasin (D:9)
  2 sky beasts
  2 black bears
  10 orc warriors
  3 phantoms
  5 ice beasts
  A necrophage (D:11)
  2 ogres
  A centaur (D:8)
  4 wolves
  4 big kobolds
  A gnoll sergeant (D:8)
  9 bullfrogs
  A water moccasin zombie (Ossuary)
  4 scorpions
  13 killer bees
  3 howler monkeys (D:11)
  5 lava snakes (Volcano)
  3 centaur zombies
  2 bullfrog zombies
  3 hounds
  11 orc priests
  14 orc wizards
  2 bullfrog skeletons
  3 iguanas
  6 worker ants
  A hound zombie (Ossuary)
  21 mummies (Ossuary)
  A hound skeleton (D:9)
  7 gnolls (D:8)
  6 worker ant zombies
  14 adders
  6 shadow imps
  3 white imps
  4 ufetubi
  An ooze (D:7)
  5 adder skeletons
  4 adder zombies (Ossuary)
  5 worms
  4 dart slugs
  6 leopard geckos
  51 orcs
  2 ball pythons
  10 giant cockroaches
  12 goblins
  10 hobgoblins
  4 jackals
  30 kobolds
  8 quokkas
  4 bats
  6 frilled lizards
  2 jackal skeletons
  2 jackal zombies (Ossuary)
  A leopard gecko skeleton (D:6)
  A leopard gecko zombie (Ossuary)
  A quokka skeleton (D:6)
  3 quokka zombies
  12 rats
380 creatures vanquished.

Vanquished Creatures (others)
  A sky beast (D:10)
  2 kobolds
  4 fungi
  5 plants
  5 withered plants (Ossuary)
17 creatures vanquished.

Grand Total: 397 creatures vanquished

Notes
Turn   | Place    | Note
-------+----------+-------------------------------------------
     0 | D:1      | jejorda2 the Ghoul Fighter began the quest for the Orb.
     0 | D:1      | Reached XP level 1. HP: 19/19 MP: 0/0
    96 | D:1      | Reached skill level 2 in Maces & Flails
   168 | D:1      | Reached XP level 2. HP: 22/26 MP: 1/1
   526 | D:1      | Reached skill level 3 in Maces & Flails
   580 | D:1      | Reached XP level 3. HP: 30/31 MP: 2/2
   880 | D:2      | Found an ancient bone altar of Kikubaaqudgha.
  1137 | D:2      | Found a faded altar of an unknown god.
  1153 | D:2      | Reached XP level 4. HP: 38/38 MP: 3/3
  1260 | D:2      | Reached skill level 4 in Maces & Flails
  1797 | D:2      | Reached XP level 5. HP: 45/45 MP: 4/4
  2185 | D:3      | Noticed Sigmund
  2196 | D:3      | Killed Sigmund
  2196 | D:3      | Reached skill level 5 in Maces & Flails
  2196 | D:3      | Reached XP level 6. HP: 44/51 MP: 5/5
  2336 | D:3      | loot past rock
  2367 | D:4      | Found a runed translucent gate.
  2367 | D:4      | Found a runed translucent gate.
  2443 | D:4      | Noticed Giavanni's ghost (amateur DsBe)
  2444 | D:4      | Found a runed translucent gate.
  2681 | D:4      | Reached XP level 7. HP: 54/57 MP: 6/6
  2938 | D:4      | Reached skill level 6 in Maces & Flails
  3271 | D:5      | Entered Level 5 of the Dungeon
  3281 | D:5      | Found a staircase to the Ecumenical Temple.
  3287 | Temple   | Entered the Ecumenical Temple
  3323 | Temple   | Became a worshipper of Ashenzari the Shackled
  3393 | D:5      | Found a sand-covered staircase.
  3397 | Ossuary  | Entered an ossuary
  3815 | Ossuary  | Reached skill level 1 in Evocations
  3839 | Ossuary  | Reached XP level 8. HP: 34/66 MP: 7/7
  3921 | Ossuary  | Reached skill level 5 in Shields
  4995 | D:5      | Found a runed translucent gate.
  4995 | D:5      | Found a runed translucent gate.
  4995 | D:5      | Found a runed translucent gate.
  5023 | D:5      | Noticed Iam's ghost (novice HOFi)
  5238 | D:6      | Found the +4 Cigotuvi's embrace {rRot *Drain rN+}
  5239 | D:6      | Reached skill level 7 in Maces & Flails
  5639 | D:6      | Reached * piety under Ashenzari
  6315 | D:7      | Reached XP level 9. HP: 59/72 MP: 8/8
  6541 | D:7      | Noticed Maggie
  6546 | D:7      | Killed Maggie
  6546 | D:7      | Reached skill level 5 in Fighting
  7131 | D:8      | Found a runed translucent gate.
  7131 | D:8      | Found a runed translucent gate.
  7132 | D:8      | Identified the cursed +2 dagger of the Unliving {drain,
                  | rPois rC+ MP+9}
  7164 | D:8      | Reached skill level 8 in Maces & Flails
  7350 | D:8      | Noticed Sweeb's ghost (novice TeGl)
  7351 | D:8      | Found a runed translucent gate.
  7355 | D:8      | Noticed a kobold demonologist
  7505 | D:8      | Noticed Psyche
  7509 | D:8      | Killed Psyche
  7590 | D:8      | Reached ** piety under Ashenzari
  7729 | D:8      | Reached XP level 10. HP: 75/83 MP: 9/9
  7818 | D:8      | Noticed a two-headed ogre
  7836 | D:8      | Killed a two-headed ogre
  7836 | D:8      | Reached skill level 9 in Maces & Flails
  7836 | D:8      | Reached skill level 5 in Armour
  8171 | D:8      | Found Gobuu's Antique Armour Emporium.
  8174 | D:8      | Bought a pair of boots for 139 gold pieces
  8174 | D:8      | Bought a helmet for 139 gold pieces
  8965 | D:9      | Found a staircase to the Orcish Mines.
  9108 | D:9      | Noticed Erica
  9121 | D:9      | Killed Erica
  9240 | D:9      | Reached skill level 10 in Maces & Flails
  9240 | D:9      | Reached XP level 11. HP: 85/89 MP: 10/10
  9381 | D:9      | Found Uffask's Armour Shoppe.
  9386 | D:9      | Noticed Grum
  9639 | D:9      | Killed Grum
  9802 | D:9      | Reached *** piety under Ashenzari
 10385 | D:10     | Entered Level 10 of the Dungeon
 10577 | D:10     | Noticed an unseen horror
 10616 | D:10     | Killed an unseen horror
 11152 | D:11     | Noticed an unseen horror
 11180 | D:11     | Found a staircase to the Lair.
 11199 | D:11     | Killed an unseen horror
 11354 | D:11     | Reached skill level 10 in Shields
 11445 | D:11     | Reached **** piety under Ashenzari
 12149 | Orc:1    | Entered Level 1 of the Orcish Mines
 12461 | Lair:1   | Entered Level 1 of the Lair of Beasts
 12479 | Lair:1   | Reached skill level 11 in Maces & Flails
 12524 | Lair:1   | Found a dark tunnel.
 12532 | Volcano  | Entered a volcano
 13066 | Volcano  | Found a radiant altar of Vehumet.
 13066 | Volcano  | Noticed a lindwurm
 13099 | Volcano  | Killed a lindwurm
 13307 | Volcano  | Noticed a fire dragon
 13333 | Volcano  | Killed from afar by a fire dragon

Illustrated notes

#########†..####### #.#.#..##
..................## #.....##
#########..######..####.....#####
##..# ##........#...... ##...#
######.......... #...##
######.#######..
#####.#.########......# #..
#....†...##......###### #..
#........##...@### ###
#)...))..##....# #>.>.....##....#
#........####### #........#
#........# #........# #........#
#........#


Turn 2336 on D:3: loot past rock

Levels and vault maps discovered:
D:1:      lemuel_arrival_behind_the_door_large, layout_loops_ring
D:2:      layout_loops_cross, lemuel_round_altar,
          chequers_ecumenical_altar_twisty
D:3:      layout_rooms, due_unseen_surprise, uniq_sigmund
D:4:      layout_basic, gammafunk_ghost_nasty_kobolds, minmay_puff
D:5:      layout_loops_corners, minmay_temple_entry_hall, enter_ossuary_5,
          gammafunk_ghost_nasty_kobolds
D:6:      layout_loops_cross, hangedman_decor_slide_cut, corexii_checkpoint_a
D:7:      layout_loops_cross, minmay_misc_feat_five, uniq_maggie
D:8:      layout_basic, gammafunk_ghost_nasty_kobolds, serial_shops,
          nicolae_shop_behind_doors, kennysheep_generic_room_10, uniq_psyche
D:9:      layout_loops_corners, erik_orc_4, serial_shops, shop,
          grunt_ministairs_11, minmay_misc_feat_nine_boxes, uniq_grum,
          uniq_erica
D:10:     layout_rooms
D:11:     layout_rooms, lair_entry_dummy
Temple:   nicolae_temple_the_god_donut
Lair:1:   layout_hall_layers, nicolae_volcano_entry_hallway, grunt_megastairs_1,
          uniq_joseph
Orc:1:    layout_caves
Volcano:  volcano_lake [vl_original]

Skill      XL: |  1  2  3  4  5  6  7  8  9 10 11 |
---------------+----------------------------------+-----
Maces & Flails | 2 3 4 5 6 7 8 10 11 | 11.2
Shields        | 3 4 6 7 9 10 | 10.5
Armour         | 3 4 6 |  6.8
Evocations     | 1 2 3 |  3.0
Fighting       | 4 5 6 |  6.0

Action                   |  1- 3 |  4- 6 |  7- 9 | 10-12 || total
-------------------------+-------+-------+-------+-------++-------
Melee: Flail             |   135 |   201 |   606 |   846 ||  1788
Throw: Dart              |       |       |     2 |    12 ||    14
Invok: Curse Item        |       |       |     3 |       ||     3
Evoke: Wand              |       |       |    10 |     6 ||    16
  Use: Scroll            |       |       |    23 |     3 ||    26
       Potion            |       |       |       |     7 ||     7
 Stab: Sleeping          |       |       |     1 |       ||     1
Armor: Scale mail        |    48 |       |       |       ||    48
       Chain mail        |    23 |    89 |   170 |       ||   282
       Leather armour    |       |       |    30 |       ||    30
       Plate armour      |       |       |       |   278 ||   278
Dodge: Dodged            |    59 |    36 |    94 |   135 ||   324
Block: Other             |     9 |       |       |       ||     9
       Kite shield       |    34 |   150 |   418 |   702 ||  1304
       Reflection        |     3 |     6 |     5 |    12 ||    26

Table legend: (Time is in decaauts)
 A = Elapsed time spent in this place.
 B = Non-inter-level travel time spent in this place.
 C = Inter-level travel time spent in this place.
 D = Time resting spent in this place.
 E = Time spent auto-exploring this place.
 F = Levels seen in this place.
 G = Mean time per level.
                   A        B        C        D        E       F      G
               +--------+--------+--------+--------+--------+-----+--------+
         Total |  13358 |  12701 |    657 |    904 |   8213 |  16 |  834.9 |
       Dungeon |  11101 |  10505 |    596 |    312 |   7467 |  11 | 1009.2 |
        Temple |     59 |     37 |     22 |      0 |      0 |   1 |   59.0 |
          Lair |     62 |     36 |     26 |      0 |      0 |   1 |   62.0 |
  Orcish Mines |    247 |    234 |     13 |      0 |    203 |   1 |  247.0 |
       Ossuary |   1109 |   1109 |      0 |    143 |    494 |   1 | 1109.0 |
       Volcano |    777 |    777 |      0 |    449 |     49 |   1 |  777.0 |
               +--------+--------+--------+--------+--------+-----+--------+

Top non-repeatable levels by time:
     D:9: 1879 daAuts
     D:8: 1405 daAuts
 Ossuary: 1109 daAuts
     D:2: 1074 daAuts
     D:7: 1070 daAuts
     D:5: 941 daAuts
     D:6: 914 daAuts
     D:4: 911 daAuts
    D:10: 882 daAuts
     D:1: 870 daAuts
 Volcano: 777 daAuts
    D:11: 644 daAuts
     D:3: 506 daAuts
   Orc:1: 247 daAuts
  Lair:1: 62 daAuts
